 Dungeon Crawl Stone Soup version 0.28.0 (webtiles) character file.

Game seed: 11190356111367533917

218 Destapler the Sneak (level 5, -1/28 HPs)
             Began as a Spriggan Brigand on Feb 5, 2022.
             Slain by an adder (2 damage)
             ... in a sewer.
             The game lasted 00:16:45 (2378 turns).

Destapler the Sneak (Spriggan Brigand)              Turns: 2378, Time: 00:16:46

Health: -1/28      AC:  6    Str:  7    XL:     5   Next: 63%
Magic:  6/6        EV: 19    Int: 13    God:
Gold:   93         SH:  0    Dex: 18    Spells: 4/4 levels left

rFire   + . .      SeeInvis +   a - +3 dagger
rCold   + . .      Faith    .   (no shield)
rNeg    . . .      Spirit   .   q - +2 robe {rC+}
rPois   .          Reflect  .   (helmet restricted)
rElec   .          Harm     .   c - +1 cloak
rCorr   .          Rampage  .   (gloves unavailable)
Will    .....                   (boots unavailable)
Stlth   ++++......              (no amulet)
HPRegen 0.09/turn               l - ring of protection from fire
MPRegen 0.10/turn               (no ring)

@: very quick
A: very small, no large weapons, unfitting armour, see invisible, speed 3
a: no special abilities


You were in a sewer.
You visited 1 branch of the dungeon, and saw 3 of its levels.
You also visited: Sewer.

You collected 93 gold pieces.

Inventory:

Hand Weapons
 a - a +3 dagger (weapon)
Missiles
 d - 10 poisoned darts
 e - a curare-tipped dart
 r - 4 boomerangs (quivered)
Armour
 c - a +1 cloak (worn)
 q - a +2 robe of cold resistance (worn)
Jewellery
 l - a ring of protection from fire (left hand)
Scrolls
 o - 2 scrolls of identify
Potions
 p - a potion of attraction


   Skills:
 * Level 2.9 Fighting
 + Level 3.0 Short Blades
 + Level 2.9 Throwing
 * Level 4.2 Dodging
 + Level 6.6 Stealth


You had 4 spell levels left.
You didn't know any spells.
Your spell library contained the following spells:

 Spells                   Type           Power      Damage    Failure   Level
 Conjure Flame            Conj/Fire      0%         6-21      67%         3
 Ignite Poison            Fire/Tmut/Pois 0%         N/A       67%         3
 Sticky Flame             Conj/Fire      0%         2d3       97%         4


Dungeon Overview and Level Annotations

Branches:
Dungeon (3/15)              Sewer (1/1)

Altars:

Annotations:
D:3 Grinder


Innate Abilities, Weirdness & Mutations

You are very small and have problems with some larger weapons.
You are too small for most types of armour.
You have supernaturally acute eyesight. (SInv)
You cover ground extremely quickly. (Speed+++)


Message History

Moving in this stuff is going to be slow.
The bullfrog closely misses you. The bullfrog hits you.
* * * LOW HITPOINT WARNING * * *
The bullfrog barely misses you.
Okay, then.
You hit the bullfrog.
The bullfrog is lightly wounded.
The bullfrog hits you but does no damage.
The bullfrog hits you.
* * * LOW HITPOINT WARNING * * *
Okay, then.
You enter the shallow water.
Moving in this stuff is going to be slow.
The bullfrog snags a nearby spider with its tongue.
The bullfrog hits you.
* * * LOW HITPOINT WARNING * * *
The bullfrog hits you but does no damage.
You enter the shallow water.
Moving in this stuff is going to be slow.
The bullfrog barely misses you. The bullfrog misses you. The bullfrog hits you.
* * * LOW HITPOINT WARNING * * *
The bullfrog hits you.
* * * LOW HITPOINT WARNING * * *
The bullfrog misses you. The bullfrog closely misses you.
Throw: 5 boomerangs
Press: ? - help, Q - select action, (/) - cycle Shift-Dir - straight line, f - adder
Aim: an adder (46% to hit)
You throw a boomerang. The boomerang hits the adder!
The adder is severely wounded.
The adder bites you but does no damage.
The bullfrog hits you but does no damage.
The adder closely misses you.
You hit the adder.
The adder is almost dead.
The bullfrog completely misses you. The bullfrog barely misses you.
The adder bites you.
You die...

##≈≈.≈.†≈≈≈≈≈##
#####≈≈≈..≈†≈≈≈.≈≈##
##∩##.≈.≈≈#####≈≈≈.≈##
#≈≈#≈..≈###≈≈≈###...≈#
##.≈#.†≈##.≈≈≈..≈##≈≈≈#
#..##≈≈##≈≈≈.≈≈≈≈≈##≈≈##
#∩.#≈≈≈#≈≈≈≈≈≈†.≈≈≈#≈.≈#
#.≈#.†##.≈≈#####≈≈≈##≈.#
##.##.≈#@F≈##≈≈≈##.≈≈#≈≈#
#.≈#≈.≈#FS##≈≈≈≈≈##††#≈≈.
#†≈#≈###B≈#≈≈≈≈≈≈≈#.≈##≈≈
#≈≈#≈#≈≈.##≈≈≈≈≈≈≈##≈.#≈≈
#≈≈#.#∩≈.#≈≈≈≈≈≈≈≈≈#≈†#≈≈
#≈≈#≈#≈≈≈#≈≈.≈≈.≈≈≈#†.#≈≈
#≈.#≈##.≈#≈≈≈≈.(.≈≈#≈≈#.≈
#≈≈#≈≈#≈≈#S.≈≈|$.≈≈#≈≈#††
#≈≈#≈.#≈.#.≈≈$!/.≈≈#≈≈#≈≈


You could see 2 bullfrogs, an adder and a giant cockroach.

Vanquished Creatures
  Jessica (D:2)
  Ijyb (D:3)
  Natasha (D:2)
  5 adders
  4 dart slugs
  7 bats
  12 endoplasms
  7 giant cockroaches
  5 goblins
  4 hobgoblins
  3 kobolds
  8 quokkas (Sewer)
  14 ball pythons
  9 frilled lizards
  5 rats
86 creatures vanquished.

Notes
Turn   | Place    | Note
-------+----------+-------------------------------------------
     0 | D:1      | Destapler the Spriggan Brigand began the quest for the Orb.
     0 | D:1      | Reached XP level 1. HP: 10/10 MP: 2/2
   218 | D:1      | Reached XP level 2. HP: 15/15 MP: 3/3
   300 | D:1      | Reached skill level 6 in Stealth
   797 | D:2      | Reached XP level 3. HP: 18/18 MP: 4/4
  1228 | D:2      | Noticed Jessica
  1230 | D:2      | Killed Jessica
  1231 | D:2      | Reached XP level 4. HP: 23/23 MP: 5/5
  1686 | D:2      | Noticed Natasha
  1693 | D:2      | Killed Natasha
  1708 | D:3      | Noticed Ijyb
  1710 | D:3      | Killed Ijyb
  1740 | D:3      | Found a faded altar of an unknown god.
  1768 | D:3      | Noticed Grinder
  1771 | D:3      | Found a glowing drain.
  1786 | Sewer    | Entered a sewer
  1792 | Sewer    | Reached XP level 5. HP: 9/27 MP: 6/6
  2375 | Sewer    | HP: 1/28 [bullfrog (6)]
  2378 | Sewer    | Slain by an adder

Illustrated notes

Levels and vault maps discovered:
D:1:      saegor_arrival_simple_a, layout_loops_cross
D:2:      layout_loops_cross, solitary_fountain, uniq_jessica, uniq_natasha
D:3:      layout_rooms, portal_sewer_entry_c, chequers_ecumenical_altar_simple,
          nicolae_underground_beach, uniq_grinder, uniq_ijyb
Sewer:    sewer_frog_island_02

Skill      XL: |  1  2  3  4  5 |
---------------+----------------+-----
Dodging        | 2 3 4 |  4.2
Stealth        | 6 |  6.6
Fighting       | 2 |  2.9
Short Blades   | 3 |  3.0
Throwing       | |  2.9

Action                   |  1- 3 |  4- 6 || total
-------------------------+-------+-------++-------
Melee: Dagger            |    60 |   161 ||   221
       Punch             |       |     2 ||     2
Throw: Dart              |     8 |     1 ||     9
       Boomerang         |       |    25 ||    25
  Use: Scroll            |       |    10 ||    10
 Stab: Sleeping          |     9 |     5 ||    14
Armor: Robe              |     2 |    34 ||    36
Dodge: Dodged            |    42 |   166 ||   208
